 Dungeon Crawl Stone Soup version 0.14-a0-3545-g7d9ef9c (webtiles) character file.

954 Persuasio the Shield-Bearer (level 8, -15/60 HPs)
             Began as a Human Fighter on Mar 28, 2014.
             Killed from afar by an orc wizard (26 damage)
             ... with a wand of lightning
             ... on Level 5 of the Dungeon.
             The game lasted 00:32:16 (5002 turns).

Persuasio the Shield-Bearer (Human Fighter)         Turns: 5002, Time: 00:32:16

HP -15/60        AC 17     Str 18      XL: 8   Next: 33%
MP   8/8         EV  1     Int  8      God:
Gold 22          SH 32     Dex 14      Spells:  0 memorised,  7 levels left

rFire  . . .     SeeInvis .     a - +1,+3 long sword
rCold  + . .     Rnd*Rage +     A - +0 plate armour
rNeg   . . .     Conserve .     F - +2 large shield {rPois}
rPois  +         rCorr    .     l - +0 helmet
rElec  .         rRot     .     E - +0 cloak
SustAb . .       Spirit   .     o - +2 pair of gloves
rMut   .         Warding  .     (no boots)
Saprov . . .     Stasis   .     (no amulet)
MR     .....                    (no ring)
                                C - ring of protection from cold

@: not resistant to hostile enchantments, extremely unstealthy
A: berserk 1, slow metabolism 1
a: no special abilities


You were on level 5 of the Dungeon.
You were hungry.

You visited 1 branch of the dungeon, and saw 5 of its levels.
You also visited: Sewer.

You collected 130 gold pieces.
You spent 108 gold pieces at shops.

Inventory:

Hand weapons
 a - a +1,+3 long sword (weapon)
 e - a +2,+3 quarterstaff of chaos
 j - a +3,+2 mace
 y - a +0,+0 sling
Missiles
 f - 18 darts
 h - 3 tomahawks
 i - 20 exploding darts
 n - 6 javelins (quivered)
 s - 2 poisoned darts
 t - a throwing net
 w - 12 sling bullets
 G - 23 stones
Armour
 c - a +0 shield
 l - a +0 helmet (worn)
 o - a +2 pair of gloves (worn)
 A - a +0 plate armour (worn)
 E - a +0 cloak (worn)
 F - a +2 large shield of poison resistance (worn)
Comestibles
 d - 4 bread rations
 v - 2 meat rations
 x - 2 chokos
 z - 15 grapes
Scrolls
 k - a scroll of fear
 r - a scroll of remove curse
 B - 2 scrolls of blinking
Jewellery
 b - an uncursed amulet of inaccuracy
 g - an uncursed ring of magical power
 C - a ring of protection from cold (left hand)
Potions
 m - a potion of porridge
 p - a potion of invisibility {unknown}
 q - 3 potions of curing
 u - a potion of flight
 D - a potion of paralysis


   Skills:
 + Level 4.3 Fighting
 + Level 4.8 Long Blades
 + Level 1.0 Throwing
 + Level 4.6 Armour
 + Level 3.2 Dodging
 + Level 5.7 Shields


You had 7 spell levels left.
You didn't know any spells.

Dungeon Overview and Level Annotations

Branches:
Dungeon (5/15)
 Temple: D:4-7

Altars:
Vehumet

Shops:
D:5 *


Innate Abilities, Weirdness & Mutations

You tend to lose your temper in combat.
You have a slow metabolism.


Message History

The orc wizard seems to speed up.
Found a fuming green potion.
You float gracefully downwards.
The orc wizard points at you and mumbles some strange words.
You block the puff of frost.
You see here a fuming green potion.
p - a fuming green potion The orc wizard gestures at you while chanting.
The puff of frost hits you!
The orc wizard zaps a wand.
The bolt of lightning hits you!
Your shield and plate armour prevent you from hitting the orc wizard.
The orc wizard zaps a wand.
The bolt of lightning hits you!
The orc wizard zaps a wand.
The bolt of lightning hits you!
You hit the orc wizard but do no damage.
You block the orc wizard's attack.
The orc wizard zaps a wand.
The bolt of lightning hits you!
* * * LOW HITPOINT WARNING * * *
Drink which item? (? for menu, Esc to quit)
You feel better.
The orc wizard zaps a wand.
The bolt of lightning hits you!
You die...

##................#######
#####.....###.....#.....
#.'#)..#+ ##......####
#...#)%.# #........##
#<.##)..## #.........#
####.....####.........#
#...###.#...........≈#
#......#.o...#.......#...≈#
.####...#@#####....##..≈≈≈
##o##...#...#.###...≈# #.
###.#.###.......≈≈ #. ...
#.###....# ..
....###......[≈≈ #.
#.............% .
.#.############ .# # .# #


You could see an orc wizard.

Vanquished Creatures
  A hungry ghost (D:4)
  An ogre (D:4)
  A big kobold (Sewer)
  A scorpion (D:4)
  A crimson imp (D:5)
  Crazy Yiuf (D:3)
  A hound (D:4)
  5 orc wizards
  A big fish (Sewer)
  3 worker ants
  Jessica (D:2)
  8 adders
  3 gnolls (D:4)
  2 giant mites
  3 worms
  An adder skeleton (D:4)
  A giant eyeball (D:4)
  7 giant geckos
  An ooze (D:3)
  8 orcs
  12 bats
  13 hobgoblins
  11 jackals
  12 kobolds
  4 quokkas
  A ball python (D:3)
  5 giant cockroaches
  3 giant newts
  3 goblins
  17 rats
132 creatures vanquished.

Notes
Turn   | Place    | Note
--------------------------------------------------------------
     0 | D:1      | Persuasio, the Human Fighter, began the quest for the Orb.
     0 | D:1      | Reached XP level 1. HP: 18/18 MP: 1/1
     7 | D:1      | Noticed a shark
     7 | D:1      | Noticed a shark
   131 | D:1      | Reached XP level 2. HP: 22/24 MP: 2/2
   302 | D:1      | HP: 1/24 [jackal (2)]
   309 | D:1      | HP: 1/24 [jackal (1)]
   316 | D:1      | Reached XP level 3. HP: 1/29 MP: 3/3
  1277 | D:2      | Reached skill level 1 in Dodging
  1384 | D:2      | Reached XP level 4. HP: 35/35 MP: 4/4
  1696 | D:2      | Noticed Jessica
  1706 | D:2      | Killed Jessica
  2063 | D:3      | Reached skill level 4 in Shields
  2092 | D:3      | Reached XP level 5. HP: 22/41 MP: 5/5
  2811 | D:3      | Noticed Crazy Yiuf
  2820 | D:3      | Killed Crazy Yiuf
  2820 | D:3      | Reached XP level 6. HP: 47/47 MP: 6/6
  3292 | D:4      | Gained mutation: You have a slow metabolism. [potion of mutation]
  3292 | D:4      | Gained mutation: You tend to lose your temper in combat. [potion of mutation]
  3292 | D:4      | Gained mutation: You are dopey. (Int -2) [potion of mutation]
  3294 | D:4      | Lost mutation: You are dopey. (Int -2) [potion of beneficial mutation]
  3509 | D:4      | Reached XP level 7. HP: 33/53 MP: 7/7
  3680 | D:4      | Found a radiant altar of Vehumet.
  3800 | D:4      | Paralysed by a giant eyeball for 4 turns
  4057 | D:4      | Reached skill level 5 in Shields
  4362 | D:4      | Noticed a hungry ghost
  4380 | D:4      | Killed a hungry ghost
  4445 | D:5      | Entered Level 5 of the Dungeon
  4470 | D:5      | Reached XP level 8. HP: 55/60 MP: 8/8
  4539 | D:5      | Found Xamm's Assorted Antiques.
  4545 | D:5      | Bought a glowing large shield for 108 gold pieces
  4737 | D:5      | Found a glowing drain.
  4742 | Sewer    | Entered a sewer
  4854 | Sewer    | Reached skill level 1 in Throwing
  4887 | Sewer    | Found a white marble altar of Elyvilon.
  5001 | D:5      | HP: 2/60 [orc wizard/wand of lightning (17)]
  5002 | D:5      | Killed from afar by an orc wizard

Action                   |  1- 3 |  4- 6 |  7- 9 || total
-------------------------+-------+-------+-------++-------
Melee: Long sword        |   144 |   262 |   206 ||   612
Throw: Javelin           |     2 |       |     9 ||    11
  Use: Potion            |     1 |     8 |     3 ||    12
       Scroll            |     7 |     5 |     8 ||    20
